 Dungeon Crawl Stone Soup version 0.14-a0-1403-g5d3c58f (webtiles) character file.

229 PolkaDot the Slasher (level 4, -6/34 HPs)
             Began as a Vampire Fighter on Dec 10, 2013.
             Mangled by an ogre
             ... wielding a +0,+0 giant club
              (31 damage)
             ... on Level 3 of the Dungeon.
             The game lasted 00:05:01 (1845 turns).

PolkaDot the Slasher (Vampire Fighter)              Turns: 1845, Time: 00:05:01

HP  -6/34        AC  5     Str 15      XL: 4   Next: 52%
MP   4/4         EV 10     Int 10      God:
Gold 125         SH  0     Dex 14      Spells:  0 memorised,  3 levels left

rFire  . . .     SeeInvis +     a - +0 falchion
rCold  . . .     Clarity  .     l - +0 leather armour
rNeg   + . .     Conserve .     (no shield)
rPois  .         rCorr    .     (no helmet)
rElec  .         rRot     .     m - +0 elf cloak
SustAb . .       Spirit   .     c - +0 pair of elf gloves
rMut   .         Warding  .     (no boots)
Saprov . . .     Stasis   .     (no amulet)
                                r - ring of sustenance {unknown}
                                e - ring of positive energy {unknown}

@: regenerating quickly, slightly resistant to hostile enchantments, unstealthy
A: fangs 3, see invisible, unbreathing
a: no special abilities


You were on level 3 of the Dungeon.
You were very full.

You visited 1 branch of the dungeon, and saw 3 of its levels.

You collected 125 gold pieces.

Inventory:

Hand weapons
 a - a +0,+0 falchion (weapon)
Armour
 c - a +0 pair of elven gloves (worn)
 l - a +0 leather armour (worn)
 m - a +0 elven cloak (worn)
Scrolls
 b - a scroll of remove curse {unknown}
 g - 2 scrolls of identify {unknown}
 h - a scroll of blinking {unknown}
 i - a scroll of teleportation {unknown}
 k - a scroll of random uselessness {unknown}
 n - a scroll of noise {unknown}
 p - 2 scrolls of immolation {unknown}
 q - a scroll of fear {unknown}
Jewellery
 e - a ring of positive energy (left hand) {unknown}
 r - a ring of sustenance (right hand) {unknown}
Potions
 d - 4 potions of curing {unknown}
 f - a potion of restore abilities {unknown}
 j - a potion of mutation {unknown}
 o - a potion of poison {unknown}


   Skills:
 - Level 2.6 Fighting
 + Level 4.8 Long Blades
 - Level 2.4 Armour
   Level 2.6 Shields


You had 3 spell levels left.
You didn't know any spells.

Dungeon Overview and Level Annotations

Branches:
Dungeon (3/16)

Altars:


Innate Abilities, Weirdness & Mutations

Your natural rate of healing is unusually fast.
You have razor-sharp teeth.*
You have supernaturally acute eyesight.
You can survive without breathing.*


Message History

You now have 125 gold pieces (gained 5).
An ogre comes into view. It is wielding a giant club.
An ogre is nearby!
The ogre shouts!
You hit the ogre.
The ogre is lightly wounded.
The ogre barely misses you.
You hit the ogre.
The ogre is moderately wounded.
The ogre closely misses you.
You hit the ogre but do no damage.
The ogre is moderately wounded.
You hit the ogre. You bite the ogre, but do no damage.
The ogre is moderately wounded.
The ogre hits you with a giant club!
You hit the ogre.
The ogre is moderately wounded.
The ogre hits you with a giant club!
Ouch! That really hurt!
You die...

##...####.#.## #
##.####.....## # #.#
#.......# # ######.#
#.......# #
#...%..###.......#
######.#.##...<......##
..)..#.#.##.####.....#
.....#.#.......#.....#
..........#.##..@....#
.....#.#.#......O....#
####.#.............$.#
.....###.....##.######
###### ###.#.##. #
.#.##. # .. .. # #. ..
.


You could see an ogre.

Vanquished Creatures
  5 adders
  A worm (D:2)
  7 bats
  4 giant cockroaches
  5 goblins
  7 hobgoblins
  4 jackals (D:1)
  7 kobolds
  5 giant newts
  7 rats
52 creatures vanquished.

Notes
Turn   | Place    | Note
--------------------------------------------------------------
     0 | D:1      | PolkaDot, the Vampire Fighter, began the quest for the Orb.
     0 | D:1      | Reached XP level 1. HP: 17/17 MP: 1/1
   126 | D:1      | Reached XP level 2. HP: 21/23 MP: 2/2
   243 | D:1      | Reached skill level 3 in Long Blades
   648 | D:1      | Reached XP level 3. HP: 28/28 MP: 3/3
  1043 | D:2      | Reached skill level 4 in Long Blades
  1419 | D:2      | Reached XP level 4. HP: 34/34 MP: 4/4
  1838 | D:3      | Noticed an ogre
  1845 | D:3      | Mangled by an ogre

Action                   |  1- 3 |  4- 6 || total
-------------------------+-------+-------++-------
Melee: Falchion          |   152 |    48 ||   200
  Use: Potion            |     1 |       ||     1
